[ AOE2 MATCH · #479257528 ]
UnrankedKhitans vs Japanese
Player's team · LOSS
Rival team · WIN
[ REPLAY ANALYSIS · EXTRACTED FROM THE RECORDED GAME ]
Feudal
9:54
Castle
—
Imperial
—
| APM avg | 41.3 |
| APM peak | 81 |
| eAPM avg | 16.0 |
| Villagers / military | 51 / 34 |
Focus
⚔️ 27.5% · 🌾 72.5%
Scout Cavalry ×24 · Skirmisher ×5 · Archer ×4 · Spearman ×1
Feudal
—
Castle
—
Imperial
—
| APM avg | 41.2 |
| APM peak | 71 |
| eAPM avg | 16.7 |
| Villagers / military | 48 / 45 |
Focus
⚔️ 23.6% · 🌾 76.4%
Archer ×18 · Spearman ×13 · Skirmisher ×7 · Militia ×4 · Knight ×3
Match map
Initial resources + every placement click. Lines = walls · curves = elevation contours. ◆ gold · ⬟ stone · ● berries · ✦ relic · ◌ wall gap
Your base· Open — 2t gap
LeoKiller225910's base· Open — unwalled flank
Smoothed initial terrain · ◌ = detected wall gap · hover for details
Inputs per minute
— Dräparn - - LeoKiller225910
Build order — Dräparn
143 actions detected in the replay
| 0:00 | Create | Villager (Male) |
| 0:01 | Create | Villager (Male) |
| 0:01 | Create | Villager (Male) |
| 0:01 | Create | Villager (Male) |
| 0:03 | Build | House |
| 0:04 | Build | House |
| 1:32 | Create | Villager (Male) |
| 2:01 | Create | Villager (Male) |
| 2:01 | Create | Villager (Male) |
| 2:09 | Build | Lumber Camp |
| 2:23 | Create | Villager (Male) |
| 2:58 | Create | Villager (Male) |
| 2:59 | Create | Villager (Male) |
| 2:59 | Create | Villager (Male) |
| 3:03 | Build | House |
| 3:43 | Create | Villager (Male) |
| 3:44 | Create | Villager (Male) |
| 4:30 | Build | Mill |
| 4:35 | Create | Villager (Male) |
| 4:36 | Create | Villager (Male) |
| 4:36 | Create | Villager (Male) |
| 4:36 | Create | Villager (Male) |
| 4:52 | Build | Palisade Wall |
| 5:06 | Create | Villager (Male) |
| 5:35 | Build | House |
| 6:16 | Build | Palisade Wall |
| 6:19 | Create | Villager (Male) |
| 6:19 | Create | Villager (Male) |
| 6:20 | Create | Villager (Male) |
| 6:34 | Build | House |
| 6:39 | Build | Palisade Wall |
| 6:49 | Research | Loom |
| 7:00 | Build | Mining Camp |
| 7:44 | Research | Feudal Age |
| 7:44 | Research | Feudal Age |
| 8:37 | Build | Barracks |
| 9:11 | Create | Villager (Male) |
| 9:22 | Build | Palisade Wall |
| 9:27 | Build | Palisade Wall |
| 9:54 | Age | Feudal Age |
| 9:59 | Build | Archery Range |
| 10:10 | Research | Double-Bit Axe |
| 10:12 | Create | Spearman |
| 10:17 | Create | Villager (Male) |
| 10:36 | Build | Palisade Wall |
| 10:42 | Create | Archer |
| 10:43 | Create | Archer |
| 10:57 | Create | Villager (Male) |
| 10:57 | Create | Villager (Male) |
| 11:01 | Build | Pasture |
| 11:25 | Build | House |
| 11:42 | Research | Tech 1014 |
| 12:02 | Build | Pasture |
| 12:20 | Create | Villager (Male) |
| 12:25 | Build | House |
| 12:34 | Create | Archer |
| 12:47 | Build | House |
| 12:52 | Build | Pasture |
| 12:56 | Create | Villager (Male) |
| 13:03 | Create | Archer |
| 13:36 | Create | Villager (Male) |
| 13:41 | Build | Pasture |
| 13:43 | Build | Pasture |
| 14:09 | Create | Villager (Male) |
| 14:22 | Build | Stable |
| 14:26 | Build | House |
| 14:45 | Create | Villager (Male) |
| 14:46 | Create | Villager (Male) |
| 14:46 | Create | Villager (Male) |
| 14:46 | Create | Villager (Male) |
| 14:59 | Build | Pasture |
| 15:17 | Build | House |
| 15:21 | Create | Scout Cavalry |
| 15:21 | Create | Scout Cavalry |
| 15:25 | Build | Pasture |
| 15:58 | Create | Villager (Male) |
| 15:59 | Create | Scout Cavalry |
| 15:59 | Create | Scout Cavalry |
| 16:07 | Build | Pasture |
| 16:13 | Create | Villager (Male) |
| 16:58 | Create | Villager (Male) |
| 16:58 | Create | Villager (Male) |
| 17:00 | Build | Stable |
| 17:08 | Create | Scout Cavalry |
| 17:11 | Build | Blacksmith |
| 17:23 | Create | Scout Cavalry |
| 18:01 | Build | Pasture |
| 18:07 | Create | Villager (Male) |
| 18:08 | Create | Villager (Male) |
| 18:33 | Research | Forging |
| 18:35 | Create | Scout Cavalry |
| 18:35 | Create | Scout Cavalry |
| 18:43 | Build | Mining Camp |
| 18:49 | Create | Scout Cavalry |
| 19:00 | Create | Scout Cavalry |
| 19:00 | Create | Scout Cavalry |
| 19:03 | Create | Villager (Male) |
| 19:03 | Create | Villager (Male) |
| 19:29 | Create | Scout Cavalry |
| 19:36 | Create | Villager (Male) |
| 19:36 | Create | Villager (Male) |
| 19:50 | Create | Villager (Male) |
| 20:19 | Create | Scout Cavalry |
| 20:21 | Create | Skirmisher |
| 20:21 | Create | Skirmisher |
| 20:46 | Create | Scout Cavalry |
| 21:03 | Build | Market |
| 21:11 | Create | Scout Cavalry |
| 21:11 | Create | Scout Cavalry |
| 21:19 | Build | Pasture |
| 21:20 | Build | Pasture |
| 21:22 | Build | Pasture |
| 21:25 | Create | Villager (Male) |
| 21:26 | Create | Villager (Male) |
| 21:47 | Build | House |
| 21:48 | Build | House |
| 22:18 | Create | Skirmisher |
| 22:18 | Create | Skirmisher |
| 22:30 | Create | Scout Cavalry |
| 22:30 | Create | Scout Cavalry |
| 22:33 | Create | Skirmisher |
| 22:35 | Create | Villager (Male) |
| 22:35 | Create | Villager (Male) |
| 22:51 | Research | Scale Barding Armor |
| 22:52 | Create | Villager (Male) |
| 22:53 | Create | Villager (Male) |
| 23:12 | Create | Scout Cavalry |
| 23:13 | Create | Scout Cavalry |
| 23:25 | Build | Stable |
| 23:28 | Build | House |
| 23:29 | Build | House |
| 23:29 | Build | House |
| 23:30 | Build | House |
| 23:30 | Build | House |
| 23:37 | Research | Man-at-Arms (upgrade) |
| 24:35 | Research | Castle Age |
| 24:53 | Create | Scout Cavalry |
| 24:54 | Create | Scout Cavalry |
| 25:11 | Build | Pasture |
| 25:16 | Create | Scout Cavalry |
| 25:16 | Create | Scout Cavalry |
| 26:00 | Research | Gold Mining |
| 26:14 | Create | Villager (Male) |
Build order — LeoKiller225910
150 actions detected in the replay
| 0:01 | Create | Villager (Male) |
| 0:01 | Create | Villager (Male) |
| 0:03 | Build | House |
| 0:05 | Build | House |
| 0:27 | Create | Villager (Male) |
| 0:27 | Create | Villager (Male) |
| 1:32 | Create | Villager (Male) |
| 2:00 | Create | Villager (Male) |
| 2:12 | Create | Villager (Male) |
| 2:56 | Create | Villager (Male) |
| 2:59 | Create | Villager (Male) |
| 3:05 | Build | Lumber Camp |
| 3:36 | Create | Villager (Male) |
| 3:49 | Build | House |
| 3:55 | Create | Villager (Male) |
| 4:25 | Create | Villager (Male) |
| 4:46 | Create | Villager (Male) |
| 5:03 | Build | Mill |
| 5:21 | Create | Villager (Male) |
| 5:35 | Research | Loom |
| 5:58 | Build | House |
| 6:22 | Research | Feudal Age |
| 6:49 | Build | Barracks |
| 7:18 | Build | Mining Camp |
| 7:34 | Build | Palisade Wall |
| 7:36 | Create | Villager (Male) |
| 7:43 | Create | Militia |
| 7:43 | Create | Militia |
| 8:24 | Create | Militia |
| 8:37 | Build | House |
| 8:42 | Research | Double-Bit Axe |
| 8:45 | Create | Villager (Male) |
| 9:09 | Create | Villager (Male) |
| 9:23 | Build | House |
| 9:28 | Create | Villager (Male) |
| 9:33 | Research | Man-at-Arms (upgrade) |
| 10:08 | Create | Villager (Male) |
| 10:08 | Create | Villager (Male) |
| 10:22 | Build | Archery Range |
| 10:28 | Create | Villager (Male) |
| 11:01 | Create | Villager (Male) |
| 11:10 | Create | Skirmisher |
| 11:20 | Build | Farm |
| 11:27 | Create | Skirmisher |
| 11:45 | Build | Farm |
| 11:57 | Create | Skirmisher |
| 12:00 | Create | Archer |
| 12:02 | Create | Villager (Male) |
| 12:05 | Build | Farm |
| 12:06 | Build | Farm |
| 12:36 | Create | Villager (Male) |
| 12:37 | Create | Villager (Male) |
| 12:46 | Create | Archer |
| 12:46 | Create | Archer |
| 12:47 | Create | Archer |
| 13:00 | Build | House |
| 13:04 | Create | Villager (Male) |
| 13:21 | Create | Villager (Male) |
| 13:33 | Build | Blacksmith |
| 13:46 | Create | Villager (Male) |
| 14:09 | Research | Fletching |
| 14:17 | Create | Villager (Male) |
| 14:23 | Build | House |
| 14:24 | Build | House |
| 14:26 | Create | Villager (Male) |
| 14:29 | Build | Farm |
| 15:08 | Create | Archer |
| 15:09 | Create | Archer |
| 15:09 | Create | Skirmisher |
| 15:09 | Create | Archer |
| 15:09 | Create | Skirmisher |
| 15:10 | Create | Archer |
| 15:10 | Create | Skirmisher |
| 15:17 | Create | Villager (Male) |
| 15:45 | Create | Villager (Male) |
| 15:54 | Build | Farm |
| 15:54 | Build | Farm |
| 15:54 | Build | Farm |
| 15:54 | Build | Farm |
| 15:55 | Build | Farm |
| 15:55 | Build | Farm |
| 15:56 | Build | Farm |
| 15:56 | Build | Farm |
| 15:56 | Build | Farm |
| 15:59 | Create | Villager (Male) |
| 16:56 | Create | Archer |
| 16:56 | Create | Skirmisher |
| 17:06 | Create | Villager (Male) |
| 17:17 | Create | Militia |
| 17:17 | Create | Spearman |
| 17:31 | Build | Farm |
| 17:31 | Build | Farm |
| 17:32 | Build | Farm |
| 17:34 | Build | Farm |
| 17:34 | Build | Farm |
| 17:34 | Build | Farm |
| 17:34 | Build | Farm |
| 18:08 | Build | Farm |
| 18:10 | Create | Spearman |
| 18:10 | Create | Spearman |
| 18:10 | Create | Spearman |
| 18:26 | Build | Mill |
| 18:38 | Create | Villager (Male) |
| 18:38 | Create | Villager (Male) |
| 18:54 | Build | House |
| 20:05 | Create | Villager (Male) |
| 20:06 | Create | Villager (Male) |
| 20:09 | Build | House |
| 20:44 | Build | Farm |
| 20:44 | Build | Farm |
| 20:48 | Build | Archery Range |
| 20:59 | Build | House |
| 21:03 | Build | Lumber Camp |
| 21:05 | Create | Villager (Male) |
| 21:05 | Create | Villager (Male) |
| 21:28 | Build | Farm |
| 21:50 | Research | Castle Age |
| 22:17 | Create | Villager (Male) |
| 22:17 | Create | Villager (Male) |
| 22:28 | Create | Villager (Male) |
| 22:28 | Create | Villager (Male) |
| 22:33 | Create | Archer ×5 |
| 22:33 | Create | Archer ×4 |
| 22:55 | Research | Horse Collar |
| 23:12 | Create | Villager (Male) |
| 23:15 | Create | Spearman ×5 |
| 23:31 | Research | Gold Mining |
| 23:33 | Research | Padded Archer Armor |
| 24:15 | Build | Stable |
| 24:33 | Create | Villager (Male) |
| 24:42 | Research | Bodkin Arrow |
| 24:45 | Research | Crossbowman (upgrade) |
| 24:57 | Create | Knight |
| 24:57 | Create | Knight |
| 25:04 | Build | House |
| 25:16 | Build | Town Center |
| 25:20 | Build | House |
| 25:32 | Research | Forging |
| 25:36 | Create | Knight |
| 25:54 | Research | Pikeman (upgrade) |
| 25:54 | Create | Spearman ×4 |
| 26:14 | Build | Stone Wall |
| 26:17 | Build | House |
| 26:20 | Build | House |
| 26:21 | Build | House |
| 26:22 | Build | House |
| 26:26 | Build | House |
| 26:30 | Build | Palisade Wall |
| 26:55 | Create | Villager (Male) |
| 26:55 | Create | Villager (Male) |
Match timeline
| 4:52 | Dräparn · wall_segment Palisade Wall x12 |
| 6:16 | Dräparn · wall_segment Palisade Wall x4 |
| 6:39 | Dräparn · wall_segment Palisade Wall x5 |
| 6:49 | LeoKiller225910 · first_building Barracks |
| 7:34 | LeoKiller225910 · wall_segment Palisade Wall x5 |
| 8:37 | Dräparn · first_building Barracks |
| 9:22 | Dräparn · wall_segment Palisade Wall x1 |
| 9:27 | Dräparn · wall_segment Palisade Wall x1 |
| 9:54 | Dräparn · age_up feudal |
| 9:59 | Dräparn · first_building Archery Range |
| 10:22 | LeoKiller225910 · first_building Archery Range |
| 10:36 | Dräparn · wall_segment Palisade Wall x11 |
| 14:22 | Dräparn · first_building Stable |
| 21:39 | Dräparn · first_market_sell 100 wood |
| 21:51 | Dräparn · first_market_buy 100 food |
| 24:15 | LeoKiller225910 · first_building Stable |
| 26:14 | LeoKiller225910 · wall_segment Stone Wall x3 |
| 26:30 | LeoKiller225910 · wall_segment Palisade Wall x1 |
| 26:58 | Dräparn · resign |
[ AI ANALYSIS · 1 CREDIT ]
What really happened in this match?
Wolo.gg analyzes every decision: build order, eco, micro, common mistakes by bracket. Personalized analysis on WhatsApp or Discord in 30 seconds.
Civ guide
Khitans
Perfil
Jugador #11777854